Map: Deathaura LE

Players

GabeTalks - Winner!

  • Race: Terran Terran
  • League: Grandmaster
  • Spawn Location: 11:00

DisK

  • Race: Protoss Protoss
  • League: Master
  • Spawn Location: 5:00

VOD

Have the link to the VOD?

Description

Time

  • Played on: March 3, 2021, 1:46 p.m.
  • Length: 10:30
Show
View Real Time Build Order
Export as new Build Order

GabeTalks Terran - Winner!

Build Orders: Reaper Expand 

Get SALT Encoding   

  12  0:00  SCV  
  13  0:12  SCV  
  14  0:17  Supply Depot  
  14  0:24  SCV  
  15  0:38  SCV  
  15  0:39  Barracks  
  16  0:43  Refinery  
  16  0:51  SCV  
  17  1:03  SCV  
  18  1:15  SCV  
  19  1:27  Orbital Command, Reaper  
  20  1:40  Command Center  
  20  1:49  Supply Depot  
  20  1:53  SCV  
  21  1:59  Marine  
  22  2:05  SCV  
  23  2:08  Factory  
  23  2:17  SCV, Marine  
  23  2:19  Refinery  
  25  2:29  SCV  
  26  2:35  Barracks Reactor, Bunker  
  26  2:41  SCV  
  27  2:52  Starport, Hellion  
  27  2:53  SCV  
  30  2:59  Orbital Command  
  31  3:05  SCV  
  31  3:12  Marine x2  
  33  3:14  Hellion  
  33  3:17  SCV  
  36  3:27  SCV  
  37  3:28  Medivac  
  37  3:29  SCV  
  37  3:33  Marine x2, Supply Depot  
  42  3:37  Hellion  
  42  3:39  SCV  
  45  3:42  SCV  
  46  3:54  SCV x2, Marine x2  
  50  3:55  Supply Depot  
  50  3:59  Factory Tech Lab, Starport Tech Lab  
  50  4:02  Barracks  
  50  4:07  SCV x2  
  52  4:15  Marine x2  
  54  4:18  Raven  
  54  4:19  SCV x2  
  54  4:21  Siege Tank  
  61  4:29  Supply Depot  
  61  4:31  SCV  
  62  4:40  SCV  
  62  4:43  SCV  
  62  4:44  Marine x2  
  62  4:48  Command Center  
  62  4:52  SCV, Engineering Bay  
  60  4:55  SCV, Siege Tank  
  64  5:02  Marine x2  
  64  5:04  SCV  
  67  5:07  SCV  
  67  5:08  Refinery x2  
  67  5:09  Stimpack  
  67  5:11  Marine  
  69  5:16  SCV  
  69  5:19  SCV  
  70  5:23  Supply Depot  
  70  5:24  Viking  
  70  5:26  Missile Turret  
  72  5:28  SCV  
  72  5:31  SCV  
  74  5:36  Terran Infantry Weapons Level 1  
  74  5:37  Barracks  
  74  5:40  SCV  
  74  5:43  SCV  
  74  5:44  Marine  
  74  5:45  Marine x2  
  78  5:52  SCV  
  78  5:55  SCV, Starport Reactor, Factory Reactor  
  80  5:59  Barracks  
  80  6:01  Barracks  
  80  6:04  SCV  
  80  6:07  Marine x2  
  80  6:08  SCV, Marauder  
  86  6:12  Orbital Command  
  86  6:17  SCV  
  87  6:21  SCV, Supply Depot x2  
  87  6:24  Combat Shield  
  88  6:26  Marauder  
  88  6:29  SCV, Marauder  
  88  6:31  Marine  
  88  6:32  Marine  
  95  6:36  Medivac x2  
  95  6:38  Widow Mine  
  101  6:40  Orbital Command  
  101  6:42  SCV x2, Supply Depot  
  101  6:43  Widow Mine  
  104  6:55  SCV x2  
  104  6:56  Barracks Reactor, Barracks Tech Lab, Marauder x2  
  112  7:01  Widow Mine  
  112  7:02  Concussive Shells  
  112  7:04  Widow Mine  
  112  7:07  Armory  
  114  7:08  SCV x2  
  114  7:09  Refinery, Engineering Bay  
  114  7:10  SCV  
  114  7:11  Refinery  
  115  7:20  SCV x2  
  115  7:22  Marauder x2  
  121  7:25  Marauder  
  121  7:27  Marine x2  
  125  7:31  Missile Turret  
  125  7:34  Supply Depot  
  125  7:35  Supply Depot  
  124  7:39  Terran Infantry Armor Level 1  
  124  7:43  SCV  
  125  7:46  SCV x2, Marauder x3  
  133  7:55  Medivac x2  
  133  7:56  Widow Mine x2, Marine x4  
  145  7:59  Supply Depot  
  145  8:00  SCV  
  145  8:01  SCV x2  
  145  8:05  Terran Infantry Weapons Level 2  
  148  8:13  SCV  
  148  8:14  Marauder  
  148  8:17  Terran Ship Weapons Level 1  
  148  8:19  Marauder  
  149  8:21  Marauder  
  149  8:23  SCV  
  149  8:24  SCV  
  149  8:25  SCV  
  149  8:26  Marine  
  147  8:30  Marine  
  147  8:31  Medivac  
  147  8:32  Widow Mine x2  
  147  8:33  Medivac  
  154  8:35  Marauder  
  154  8:41  Marauder  
  157  8:43  Marauder  
  157  8:45  Marine x2  
  136  8:57  Marauder  
  136  8:59  Ghost Academy  
  136  9:00  Command Center  
  136  9:02  Marauder, Medivac  
  142  9:03  Widow Mine x2  
  142  9:04  Medivac  
  142  9:05  Marauder  
  145  9:15  Marine x3  
  145  9:16  Marine  
  135  9:18  Marauder  
  135  9:21  Sensor Tower  
  135  9:23  Marauder  
  139  9:26  Marauder  
  139  9:28  Widow Mine x2  
  145  9:32  Medivac  
  145  9:33  Marine x4  
  145  9:34  Medivac  
  145  9:37  Supply Depot x2  
  153  9:39  Marauder  
  153  9:44  Supply Depot  
  153  9:45  Marauder  
  157  9:58  Marine x2  
  159  10:01  Marauder  
  159  10:06  Marauder  
  159  10:07  Marine x2  
  163  10:10  Marine  
  156  10:15  SCV  
  156  10:16  SCV x2  
Show
View Real Time Build Order
Export as new Build Order

DisK Protoss 

Build Orders: 1 Gate Expand, Zealot Archon, Dark Templar Rush 

Get SALT Encoding   

  12  0:00  Probe  
  13  0:12  Probe  
  14  0:17  Pylon  
  14  0:24  Probe  
  15  0:35  Gateway  
  15  0:38  Probe (Chrono Boost)  
  16  0:47  Probe (Chrono Boost), Assimilator  
  17  0:52  Probe (Chrono Boost)  
  18  1:04  Probe  
  19  1:16  Probe  
  20  1:22  Cybernetics Core  
  20  1:32  Nexus  
  20  1:36  Probe  
  21  1:43  Pylon  
  21  1:48  Probe  
  21  1:50  Assimilator  
  22  1:59  Adept (Chrono Boost)  
  22  2:00  Probe  
  23  2:02  Warp Gate  
  25  2:12  Probe  
  26  2:22  Stalker  
  27  2:30  Probe (Chrono Boost)  
  28  2:39  Probe (Chrono Boost)  
  28  2:42  Twilight Council  
  30  2:44  Probe (Chrono Boost)  
  30  2:50  Probe (Chrono Boost)  
  31  2:52  Gateway  
  31  2:54  Probe (Chrono Boost)  
  32  3:00  Probe  
  32  3:02  Probe  
  32  3:05  Robotics Facility  
  34  3:13  Probe  
  34  3:14  Probe  
  36  3:23  Dark Shrine  
  36  3:26  Probe  
  37  3:27  Probe  
  37  3:30  Pylon  
  38  3:35  Assimilator  
  38  3:38  Probe  
  38  3:39  Probe  
  40  3:49  Warp Prism (Chrono Boost)  
  40  3:50  Stalker  
  40  3:52  Probe (Chrono Boost)  
  40  3:53  Probe (Chrono Boost)  
  47  4:04  Probe (Chrono Boost)  
  47  4:06  Pylon  
  47  4:07  Probe (Chrono Boost)  
  47  4:09  Probe (Chrono Boost)  
  49  4:18  Nexus  
  49  4:20  Pylon  
  49  4:21  Probe x2  
  49  4:22  Observer  
  52  4:32  Stalker x2  
  49  4:48  Probe x2 (Chrono Boost)  
  50  4:55  Dark Templar x2  
  50  4:59  Probe x2 (Chrono Boost)  
  56  5:02  Blink (Chrono Boost)  
  56  5:03  Probe (Chrono Boost)  
  56  5:04  Probe (Chrono Boost)  
  58  5:18  Probe (Chrono Boost)  
  58  5:19  Immortal  
  58  5:20  Probe (Chrono Boost)  
  65  5:29  Probe (Chrono Boost), Sentry  
  65  5:30  Stalker  
  65  5:33  Probe (Chrono Boost)  
  65  5:34  Probe (Chrono Boost)  
  65  5:35  Probe (Chrono Boost)  
  71  5:42  Probe (Chrono Boost)  
  73  5:44  Probe (Chrono Boost)  
  75  5:50  Probe (Chrono Boost)  
  75  5:55  Gateway  
  75  5:56  Probe (Chrono Boost)  
  77  5:57  Gateway  
  77  5:59  Probe (Chrono Boost), Gateway, Forge  
  77  6:01  Probe (Chrono Boost)  
  79  6:05  Probe (Chrono Boost)  
  79  6:07  Probe (Chrono Boost)  
  79  6:08  Probe (Chrono Boost)  
  79  6:10  Probe (Chrono Boost)  
  79  6:12  Immortal  
  79  6:17  Pylon x2  
  84  6:23  Assimilator  
  84  6:24  Probe, Assimilator x2  
  85  6:26  Pylon  
  85  6:29  Protoss Ground Weapons Level 1 (Chrono Boost)  
  85  6:35  Probe x2  
  85  6:38  Stalker  
  85  6:39  Stalker  
  91  6:41  Templar Archives  
  91  6:43  Probe  
  92  6:47  Probe x2  
  92  6:49  Pylon  
  92  6:55  Probe  
  92  6:59  Probe x2  
  97  7:01  Warp Prism  
  97  7:04  Observer  
  97  7:05  Gateway  
  97  7:08  Probe  
  98  7:20  Stalker x5  
  106  7:24  Pylon  
  106  7:29  Nexus  
  106  7:33  Observer, Charge  
  106  7:35  Psionic Storm  
  106  7:43  Gateway  
  106  7:45  Gateway  
  106  7:47  High Templar x2  
  106  7:48  High Templar  
  112  7:51  Stalker x2  
  112  7:53  Archon  
  116  7:59  Shield Battery  
  116  8:00  Shield Battery  
  116  8:01  Stalker  
  118  8:16  Zealot x2  
  102  8:27  Stalker x2  
  102  8:28  Stalker x2  
  107  8:40  Stalker x2  
  107  8:41  Stalker x2  
  95  8:57  Nexus  
  99  9:02  Immortal  
  99  9:04  Stalker x6  
  101  9:21  Probe x3  
  104  9:25  Dark Templar  
  106  9:33  Probe x3  
  106  9:35  Robotics Bay  
  106  9:36  Sentry  
  111  9:40  Immortal (Chrono Boost)  
  111  9:41  Assimilator x2  
  115  9:46  Probe x2  
  115  9:47  Shield Battery  
  115  9:50  Shield Battery  
  117  10:00  Pylon  
  117  10:01  Pylon  
  96  10:14  Zealot x8  
Tags
 
Add a new tag
Caveats
  • Supply blocks, unpowered buildings, or Contaminate may cause inaccurate times.
  • Supply counts are checked every 10 seconds.